 Dungeon Crawl Stone Soup version 0.28-a0-317-g21599a725c (webtiles) character file.

Game seed: 8836172165921076756

1185 McIrco the Covert (level 8, -2/48 HPs)
             Began as a Kobold Brigand on Sept 1, 2021.
             Was a Follower of Dithmenos.
             Slain by an orc warrior (14 damage)
             ... on level 5 of the Dungeon.
             The game lasted 00:07:29 (6458 turns).

McIrco the Covert (Kobold Brigand)                  Turns: 6458, Time: 00:07:30

Health: -2/48      AC:  4    Str:  9    XL:     8   Next: 70%
Magic:  8/8        EV: 16    Int: 12    God:    Dithmenos [*.....]
Gold:   218        SH:  0    Dex: 18    Spells: 7/7 levels left

rFire   . . .      SeeInvis .   h - +1 dagger (venom)
rCold   . . .      Faith    .   (shield restricted)
rNeg    . . .      Spirit   .   b - +0 robe
rPois   .          Reflect  .   (no helmet)
rElec   .          Harm     .   c - +0 cloak
rCorr   .          Rampage  .   (no gloves)
Will    .....                   f - +0 pair of boots
Stlth   +++++++...              (no amulet)
HPRegen 0.16/turn               (no ring)
MPRegen 0.11/turn               (no ring)

@: wreathed by umbra
A: small, no large weapons, nightstalker 3
a: Renounce Religion


You were on level 5 of the Dungeon.
You worshipped Dithmenos.
Dithmenos was aware of your devotion.
You visited 1 branch of the dungeon, and saw 6 of its levels.

You collected 218 gold pieces.

Inventory:

Hand Weapons
 a - a +2 dagger
 h - a +1 dagger of venom (weapon)
Missiles
 d - 18 poisoned darts (quivered)
 e - 2 curare-tipped darts
Armour
 b - a +0 robe (worn)
 c - a +0 cloak (worn)
 f - a +0 pair of boots (worn)
 m - a +0 kite shield
Jewellery
 s - an amulet of reflection
Wands
 q - a wand of iceblast (9)
Scrolls
 i - a scroll of magic mapping {unknown}
 j - 7 scrolls of identify {unknown}
 k - 5 scrolls of teleportation {unknown}
 l - 3 scrolls of noise {unknown}
 o - a scroll of holy word {unknown}
 t - a scroll of amnesia {unknown}
Potions
 g - a potion of flight
 n - a potion of berserk rage {unknown}
 p - a potion of brilliance {unknown}
 r - a potion of might {unknown}


   Skills:
 + Level 3.9 Fighting
 + Level 6.8 Short Blades
 + Level 2.2 Throwing
 + Level 4.3 Dodging
 + Level 11.2 Stealth


You had 7 spell levels left.
You didn't know any spells.
Your spell library contained the following spells:

 Spells                   Type           Power      Damage    Failure   Level
 Summon Guardian Golem    Hex/Summ       0%         N/A       69%         3
 Orb of Destruction       Conj           0%         N/A       100%        7
 Spellforged Servitor     Conj/Summ      0%         N/A       100%        7


Dungeon Overview and Level Annotations

Branches:
Dungeon (6/15)
 Temple: D:4-7

Altars:
Dithmenos
Hepliaklqana
Xom
Yredelemnul
Zin


Innate Abilities, Weirdness & Mutations

You are small and have problems with some larger weapons.
You are completely attuned to the shadows.


Message History

The orc closely misses you.
The orc warrior hits you with a +0 war axe!!
The orc completely misses you.
The orc wizard points at you and mumbles some strange words.
You resist with some effort.
There is an open door here.
You hit the orc.
The orc is moderately wounded.
The orc closely misses you.
You hit the orc.
The orc is almost dead.
You hit the orc.
You kill the orc!
Dithmenos accepts your kill.
You barely miss the orc warrior. You barely miss the orc warrior.
You hit the orc warrior.
The orc warrior is poisoned.
The orc warrior is lightly wounded.
The orc warrior hits you with a +0 war axe.
You closely miss the orc warrior.
The orc warrior is lightly wounded.
The orc warrior closely misses you.
You hit the orc warrior but do no damage.
The orc warrior looks as sick as possible!
The orc warrior is lightly wounded.
The orc wizard gestures at you while chanting.
The puff of flame hits you! The orc warrior misses you.
As you open the door, it creaks loudly!
The orc warrior hits you with a +0 war axe!
* * * LOW HITPOINT WARNING * * *
There is an open door here.
There is an open door here.
You barely miss the orc warrior.
The orc warrior is almost dead.
The orc warrior misses you.
You hit the orc warrior.
The orc warrior is almost dead.
The orc warrior hits you with a +0 war axe!
You die...

.....'....>.....
#.....#..........
#####.....########+##
###..#.............#...
#....'.............#...
#....#.............#...
#....#o............#...
#...o#.o...........#... ###
#######..##@............#'##
..####...###..#.....######.......
..'...........#.....#....#.......
..#.).........#.....#....'.......
).#...........#.....+....#.......
..###....##'###.....######.......
..#########...##..............###
...............#..............#..
...............#..............#..


You could see an orc warrior (poisoned) and an orc wizard.

Vanquished Creatures
  Eustachio (D:4)
  2 ogres (D:4)
  A centaur (D:6)
  A bullfrog (D:5)
  A jelly (D:4)
  A water moccasin zombie (D:5)
  A howler monkey (D:5)
  A bullfrog skeleton (D:6)
  Crazy Yiuf (D:2)
  A gnoll shaman (D:4)
  An orc priest (D:5)
  2 hounds
  2 iguanas
  Natasha (thrice) (D:2)
  An orc wizard (D:6)
  3 hound zombies (D:4)
  8 gnolls (D:4)
  A howler monkey zombie (D:5)
  5 adders
  2 white imps
  An adder zombie (D:4)
  A dart slug (D:2)
  6 orcs
  7 bats
  9 endoplasms
  A giant cockroach (D:2)
  11 hobgoblins
  6 kobolds
  2 quokkas
  4 ball pythons
  2 frilled lizards
  5 goblins
  4 rats
98 creatures vanquished.

Notes
Turn   | Place    | Note
-------+----------+-------------------------------------------
     0 | D:1      | McIrco the Kobold Brigand began the quest for the Orb.
     0 | D:1      | Reached XP level 1. HP: 12/12 MP: 1/1
   309 | D:1      | Reached XP level 2. HP: 17/17 MP: 2/2
   586 | D:1      | Found a faded altar of an unknown god.
   630 | D:1      | Reached skill level 6 in Stealth
  1012 | D:1      | Reached XP level 3. HP: 21/21 MP: 3/3
  1394 | D:2      | Noticed Natasha
  1397 | D:2      | Killed Natasha
  1398 | D:2      | Reached XP level 4. HP: 27/27 MP: 4/4
  1403 | D:2      | Noticed Natasha
  1412 | D:2      | Killed Natasha
  1413 | D:2      | Reached skill level 7 in Stealth
  1578 | D:2      | Reached XP level 5. HP: 31/31 MP: 5/5
  1650 | D:2      | Noticed Natasha
  1660 | D:2      | Killed Natasha
  1965 | D:2      | Found a runed translucent door.
  1968 | D:2      | Noticed Crazy Yiuf
  2233 | D:2      | HP: 1/31 [Crazy Yiuf (5)]
  2234 | D:2      | Killed Crazy Yiuf
  2319 | D:3      | Reached skill level 8 in Stealth
  2743 | D:3      | Reached XP level 6. HP: 35/36 MP: 6/6
  3024 | D:3      | Found a shadowy altar of Dithmenos.
  3024 | D:3      | Found a hazy altar of Hepliaklqana.
  3024 | D:3      | Noticed a shadow
  3049 | D:3      | Became a worshipper of Dithmenos the Shadowed
  3191 | D:4      | Noticed an ogre
  3212 | D:4      | Killed an ogre
  3213 | D:4      | Reached skill level 9 in Stealth
  3417 | D:4      | Noticed an ogre
  3716 | D:4      | Killed an ogre
  3717 | D:4      | Reached XP level 7. HP: 38/40 MP: 7/7
  3866 | D:4      | Noticed Eustachio
  3901 | D:4      | Killed Eustachio
  3902 | D:4      | Reached skill level 5 in Short Blades
  3902 | D:4      | Reached skill level 10 in Stealth
  4059 | D:4      | Found a basalt altar of Yredelemnul.
  4441 | D:4      | Reached XP level 8. HP: 45/46 MP: 8/8
  4565 | D:4      | Reached * piety under Dithmenos
  5143 | D:5      | Entered Level 5 of the Dungeon
  5200 | D:5      | You fall into a shaft and drop 1 floor!
  5252 | D:6      | Found a shimmering altar of Xom.
  6004 | D:5      | Reached skill level 11 in Stealth
  6193 | D:5      | Found a glowing silver altar of Zin.
  6458 | D:5      | Slain by an orc warrior

Illustrated notes

Levels and vault maps discovered:
D:1:      lemuel_arrival_rhombus, layout_loops_ring,
          ebering_ecumenical_altar_box
D:2:      layout_loops_cross, uniq_crazy_yiuf_cottage, uniq_natasha
D:3:      layout_rooms, riverfiend_overflow_shadow_ancestor,
          minmay_misc_feat_square
D:4:      layout_basic, nicolae_yredelemnul_corpse_copse, uniq_eustachio
D:5:      layout_gridville, mainiacjoe_overflow_alcove_1
D:6:      layout_basic, nicolae_uskayaw_dance_studio, general_overflow_altar,
          mainiacjoe_overflow_brackets, serial_shops, nicolae_take_the_stairs

Skill      XL: |  1  2  3  4  5  6  7  8 |
---------------+-------------------------+-----
Short Blades   | 3 4 5 6 |  6.8
Stealth        | 6 7 8 9 10 11 | 11.2
Dodging        | 2 3 4 |  4.3
Fighting       | 3 |  3.9
Throwing       | |  2.2

Action                   |  1- 3 |  4- 6 |  7- 9 || total
-------------------------+-------+-------+-------++-------
Melee: Dagger            |    52 |   106 |   192 ||   350
  Use: Potion            |       |     4 |       ||     4
 Stab: Sleeping          |    19 |    15 |    12 ||    46
       Distracted        |     2 |     1 |     2 ||     5
Armor: Robe              |     5 |     8 |    18 ||    31
Dodge: Dodged            |    16 |    55 |   117 ||   188

Table legend: (Time is in decaauts)
 A = Elapsed time spent in this place.
 B = Non-inter-level travel time spent in this place.
 C = Inter-level travel time spent in this place.
 D = Time resting spent in this place.
 E = Time spent auto-exploring this place.
 F = Levels seen in this place.
 G = Mean time per level.
                   A        B        C        D        E       F      G
               +--------+--------+--------+--------+--------+-----+--------+
         Total |   6380 |   6289 |     91 |   1272 |   4142 |   6 | 1063.3 |
       Dungeon |   6380 |   6289 |     91 |   1272 |   4142 |   6 | 1063.3 |
               +--------+--------+--------+--------+--------+-----+--------+

Top non-repeatable levels by time:
     D:4: 2025 daAuts
     D:2: 1147 daAuts
     D:1: 1129 daAuts
     D:3: 797 daAuts
     D:6: 683 daAuts
     D:5: 597 daAuts
